TOP OF THE 1ST |
Havana Rollers batting - Pitching for Tuscaloosa Trout Slayers : RHP Fernando Rodríguez
|
Pitching: RHP Fernando Rodríguez
|
|
Batting: LHB Rafael Delgado
|
0-0: Foul Ball, location: 2F 0-1: Foul Ball, location: 2F 0-2: Foul Ball, location: 2F 0-2: Foul Ball, location: 2F 0-2: Ball 1-2: SINGLE (Groundball, 56D)
|
Batting: RHB Jack Bailey
|
0-0: Ball 1-0: Called Strike 1-1: Grounds into double play, 5-4-3 (Groundball, 5L)
|
Batting: SHB Chris Bennis
|
0-0: Ball 1-0: Called Strike 1-1: Ground out 3-1 (Groundball, 34)
|
Top of the 1st over - 0 run(s), 1 hit(s), 0 error(s), 0 left on base; Havana 0 - Tuscaloosa 0 |
BOTTOM OF THE 1ST |
Tuscaloosa Trout Slayers batting - Pitching for Havana Rollers : RHP Chris Marshall
|
Pitching: RHP Chris Marshall
|
|
Batting: RHB Lowie van den Bogaert
|
0-0: Swinging Strike 0-1: Ball 1-1: Ball 2-1: Foul Ball, location: 2F 2-2: Ball 3-2: Foul Ball, location: 2F 3-2: SINGLE (Groundball, 56D)
|
Batting: RHB José Fernández
|
0-0: Ball 1-0: Called Strike 1-1: Ball 2-1: Swinging Strike 2-2: Ball 3-2: Strikes out swinging
|
Batting: LHB Pat Zimmerman
|
0-0: SINGLE (Groundball, 4D) Lowie van den Bogaert to second Throwing error, E9 Lowie van den Bogaert scores Pat Zimmerman to second
|
Batting: LHB Marcos Villarreal
|
0-0: Ball 1-0: Called Strike 1-1: Foul Ball, location: 2F 1-2: SINGLE (Line Drive, 9S) Pat Zimmerman to third Runner from 3rd tries for Home, SAFE, no throw
|
Batting: LHB Ed Hart
|
0-0: Foul Ball, location: 2F 0-1: Swinging Strike 0-2: Strikes out swinging
|
Batting: RHB Jason Saunders
|
0-0: Called Strike 0-1: Foul Ball, location: 2F 0-2: Foul Ball, location: 2F 0-2: Ball 1-2: Fly out, F9 (Flyball, 9)
|
Bottom of the 1st over - 2 run(s), 3 hit(s), 1 error(s), 1 left on base; Havana 0 - Tuscaloosa 2 |
TOP OF THE 2ND |
Havana Rollers batting - Pitching for Tuscaloosa Trout Slayers : RHP Fernando Rodríguez
|
Batting: LHB Phil Smith
|
0-0: Called Strike 0-1: Ground out 4-3 (Groundball, 4)
|
Batting: LHB Enrique Cortéz
|
0-0: Called Strike 0-1: Ground out U3 (Groundball, 34)
|
Batting: RHB Yaichiro Sugahara
|
0-0: Foul Ball, location: 2F 0-1: Ball 1-1: Ball 2-1: Ball 3-1: Called Strike 3-2: Foul Ball, location: 2F 3-2: Foul Ball, location: 2F 3-2: Base on Balls
|
Batting: RHB Soshu Nakamura
|
0-0: Ball 1-0: Swinging Strike 1-1: Ball Yaichiro Sugahara steals 2nd base 2-1: Swinging Strike 2-2: Ball 3-2: Foul Ball, location: 2F 3-2: Ground out 5-3 (Groundball, 56)
|
Top of the 2nd over - 0 run(s), 0 hit(s), 0 error(s), 1 left on base; Havana 0 - Tuscaloosa 2 |
BOTTOM OF THE 2ND |
Tuscaloosa Trout Slayers batting - Pitching for Havana Rollers : RHP Chris Marshall
|
Batting: SHB Tucker Thomas
|
0-0: Ball 1-0: Called Strike 1-1: Foul Ball, location: 2F 1-2: Strikes out swinging
|
Batting: RHB John Little
|
0-0: Swinging Strike 0-1: Foul Ball, location: 2F 0-2: Ball 1-2: Ball 2-2: Foul Ball, location: 2F 2-2: Strikes out swinging
|
Batting: RHB Tetsunori Ito
|
0-0: Ball 1-0: Foul Ball, location: 2F 1-1: Foul Ball, location: 2F 1-2: Foul Ball, location: 2F 1-2: Ball 2-2: SINGLE (Line Drive, 34D)
|
Batting: RHB Lowie van den Bogaert
|
0-0: Swinging Strike 0-1: Foul Ball, location: 2F 0-2: Ball 1-2: Foul Ball, location: 2F 1-2: Ball 2-2: Ball 3-2: Ground out 5-3 (Groundball, 56)
|
Bottom of the 2nd over - 0 run(s), 1 hit(s), 0 error(s), 1 left on base; Havana 0 - Tuscaloosa 2 |
TOP OF THE 3RD |
Havana Rollers batting - Pitching for Tuscaloosa Trout Slayers : RHP Fernando Rodríguez
|
Batting: RHB Francisco Rincón
|
0-0: Ball 1-0: Ball 2-0: Called Strike 2-1: Ball 3-1: Ground out 4-3 (Groundball, 4M)
|
Batting: LHB Juan Romero
|
0-0: Called Strike 0-1: Fly out, F8 (Flyball, 78XD)
|
Batting: LHB Rafael Delgado
|
0-0: Called Strike 0-1: Called Strike 0-2: Ball 1-2: Strikes out looking
|
Top of the 3rd over - 0 run(s), 0 hit(s), 0 error(s), 0 left on base; Havana 0 - Tuscaloosa 2 |
BOTTOM OF THE 3RD |
Tuscaloosa Trout Slayers batting - Pitching for Havana Rollers : RHP Chris Marshall
|
Batting: RHB José Fernández
|
0-0: Foul Ball, location: 2F 0-1: Ball 1-1: Called Strike 1-2: Foul Ball, location: 2F 1-2: Ball 2-2: Foul Ball, location: 2F 2-2: Foul Ball, location: 2F 2-2: Ground out 5-3 (Groundball, 56S)
|
Batting: LHB Pat Zimmerman
|
0-0: Called Strike 0-1: Fly out, F7 (Flyball, 78M)
|
Batting: LHB Marcos Villarreal
|
0-0: Ball 1-0: Fly out, F8 (Line Drive, 8RM)
|
Bottom of the 3rd over - 0 run(s), 0 hit(s), 0 error(s), 0 left on base; Havana 0 - Tuscaloosa 2 |
TOP OF THE 4TH |
Havana Rollers batting - Pitching for Tuscaloosa Trout Slayers : RHP Fernando Rodríguez
|
Batting: RHB Jack Bailey
|
0-0: Ball 1-0: Called Strike 1-1: Called Strike 1-2: Fly out, F8 (Flyball, 78M)
|
Batting: SHB Chris Bennis
|
0-0: Ground out 4-3 (Groundball, 4)
|
Batting: LHB Phil Smith
|
0-0: Foul Ball, location: 2F 0-1: Ball 1-1: Ball 2-1: Ball 3-1: Base on Balls
|
Batting: LHB Enrique Cortéz
|
0-0: Ball 1-0: Ball 2-0: Called Strike 2-1: Called Strike 2-2: Ball 3-2: Foul Ball, location: 2F 3-2: SINGLE (Groundball, 56D) Phil Smith to second Phil Smith to third
|
Batting: RHB Yaichiro Sugahara
|
0-0: Ball 1-0: Fly out, F8 (Flyball, 8LM)
|
Top of the 4th over - 0 run(s), 1 hit(s), 0 error(s), 2 left on base; Havana 0 - Tuscaloosa 2 |
BOTTOM OF THE 4TH |
Tuscaloosa Trout Slayers batting - Pitching for Havana Rollers : RHP Chris Marshall
|
Batting: LHB Ed Hart
|
0-0: Ball 1-0: Fly out, F7 (Flyball, 7)
|
Batting: RHB Jason Saunders
|
0-0: Ball 1-0: Foul Ball, location: 2F 1-1: Called Strike 1-2: Ball 2-2: Fly out, F7 (Line Drive, 7)
|
Batting: SHB Tucker Thomas
|
0-0: Swinging Strike 0-1: Swinging Strike 0-2: Strikes out looking
|
Bottom of the 4th over - 0 run(s), 0 hit(s), 0 error(s), 0 left on base; Havana 0 - Tuscaloosa 2 |
TOP OF THE 5TH |
Havana Rollers batting - Pitching for Tuscaloosa Trout Slayers : RHP Fernando Rodríguez
|
Batting: RHB Soshu Nakamura
|
0-0: Ball 1-0: Called Strike 1-1: Ground out 6-3 (Groundball, 6)
|
Batting: RHB Francisco Rincón
|
0-0: Ball 1-0: Called Strike 1-1: Foul Ball, location: 2F 1-2: Ball 2-2: Foul Ball, location: 2F 2-2: Ball 3-2: Base on Balls
|
Batting: LHB Juan Romero
|
0-0: Fly out, F6 (Popup, 6)
|
Batting: LHB Rafael Delgado
|
0-0: Ball 1-0: Ball 2-0: Called Strike 2-1: DOUBLE (Line Drive, 78D) Francisco Rincón to third Runner from 3rd tries for Home, SAFE, no throw
|
Batting: RHB Jack Bailey
|
0-0: SINGLE (Line Drive, 7LS) Rafael Delgado to third Runner from 3rd tries for Home, SAFE, no throw
|
Batting: SHB Chris Bennis
|
0-0: Called Strike 0-1: Hit by Pitch Jack Bailey to second
|
Batting: LHB Phil Smith
|
0-0: Called Strike 0-1: Ball 1-1: Ground out 4-3 (Groundball, 4D)
|
Top of the 5th over - 2 run(s), 2 hit(s), 0 error(s), 2 left on base; Havana 2 - Tuscaloosa 2 |
BOTTOM OF THE 5TH |
Tuscaloosa Trout Slayers batting - Pitching for Havana Rollers : RHP Chris Marshall
|
Batting: RHB John Little
|
0-0: Called Strike 0-1: Fly out, F8 (Line Drive, 8RS)
|
Batting: RHB Tetsunori Ito
|
0-0: Called Strike 0-1: Ground out 4-3 (Groundball, 4M)
|
Batting: RHB Lowie van den Bogaert
|
0-0: Ball 1-0: Ball 2-0: Ground out 3-1 (Groundball, 34)
|
Bottom of the 5th over - 0 run(s), 0 hit(s), 0 error(s), 0 left on base; Havana 2 - Tuscaloosa 2 |
TOP OF THE 6TH |
Havana Rollers batting - Pitching for Tuscaloosa Trout Slayers : RHP Fernando Rodríguez
|
Batting: LHB Enrique Cortéz
|
0-0: Ball 1-0: Ball 2-0: Called Strike 2-1: Foul Ball, location: 2F 2-2: Foul Ball, location: 2F 2-2: Ball 3-2: Foul Ball, location: 2F 3-2: Base on Balls
|
Batting: RHB Yaichiro Sugahara
|
0-0: Ball 1-0: Ball 2-0: Foul Ball, location: 2F 2-1: Ball 3-1: Base on Balls Enrique Cortéz to second
|
Batting: RHB Soshu Nakamura
|
0-0: Ball 1-0: Ball 2-0: Called Strike 2-1: Called Strike 2-2: Ball 3-2: Fly out, F7 (Flyball, 78S)
|
Pitching: RHP Jesús Ramos
|
|
Batting: RHB Francisco Rincón
|
0-0: Ball 1-0: Called Strike 1-1: Foul Ball, location: 2F 1-2: SINGLE (Line Drive, 4M) Enrique Cortéz to third Yaichiro Sugahara to second Runner from 3rd tries for Home, SAFE, throw made at trailing runner, OUT at third!
|
Batting: LHB Juan Romero
|
0-0: Ground out 4-3 (Groundball, 4S)
|
Top of the 6th over - 1 run(s), 1 hit(s), 0 error(s), 1 left on base; Havana 3 - Tuscaloosa 2 |
BOTTOM OF THE 6TH |
Tuscaloosa Trout Slayers batting - Pitching for Havana Rollers : RHP Chris Marshall
|
Batting: RHB José Fernández
|
0-0: Ball 1-0: SINGLE (Line Drive, 6)
|
Batting: LHB Pat Zimmerman
|
0-0: Ball 1-0: Ball 2-0: 2-RUN HOME RUN (Flyball, 9D), Distance : 393 ft
|
Batting: LHB Marcos Villarreal
|
0-0: Foul Ball, location: 2F 0-1: Foul Ball, location: 2F 0-2: Foul Ball, location: 2F 0-2: Ball 1-2: Ball 2-2: Ground out 4-3 (Groundball, 4S)
|
Batting: LHB Ed Hart
|
0-0: Foul Ball, location: 2F 0-1: Ball 1-1: Foul Ball, location: 2F 1-2: SINGLE (Groundball, 3D)
|
Batting: RHB Jason Saunders
|
0-0: Ball 1-0: Called Strike 1-1: DOUBLE (Line Drive, 7LM) Ed Hart to third Runner from 3rd tries for Home, SAFE, throw made home
|
Pitching: RHP Alejandro Pérez
|
|
Batting: SHB Tucker Thomas
|
0-0: Ball 1-0: Ball 2-0: Foul Ball, location: 2F 2-1: Fly out, F8 (Flyball, 8LD) Runner from 2nd tags up, SAFE at 3rd, no throw
|
Batting: RHB John Little
|
0-0: Called Strike 0-1: Called Strike 0-2: Foul Ball, location: 2F 0-2: Ball 1-2: Ball 2-2: Ground out 5-3 (Groundball, 5L)
|
Bottom of the 6th over - 3 run(s), 4 hit(s), 0 error(s), 1 left on base; Havana 3 - Tuscaloosa 5 |
TOP OF THE 7TH |
Havana Rollers batting - Pitching for Tuscaloosa Trout Slayers : RHP Jesús Ramos
|
Batting: LHB Rafael Delgado
|
0-0: Ball 1-0: Swinging Strike 1-1: Ball 2-1: Called Strike 2-2: Strikes out swinging
|
Batting: RHB Jack Bailey
|
0-0: Ball 1-0: Called Strike 1-1: Ball 2-1: Ball 3-1: Base on Balls
|
Batting: SHB Chris Bennis
|
0-0: Ball 1-0: Ball 2-0: Called Strike 2-1: Ground out 3-1 (Groundball, 34S) Jack Bailey to second
|
Batting: LHB Phil Smith
|
0-0: Called Strike 0-1: Swinging Strike 0-2: Fly out, F3 (Popup, 34)
|
Top of the 7th over - 0 run(s), 0 hit(s), 0 error(s), 1 left on base; Havana 3 - Tuscaloosa 5 |
BOTTOM OF THE 7TH |
Tuscaloosa Trout Slayers batting - Pitching for Havana Rollers : RHP Alejandro Pérez
|
Batting: RHB Tetsunori Ito
|
0-0: Ball 1-0: Called Strike 1-1: Ball 2-1: Called Strike 2-2: Strikes out looking
|
Batting: RHB Lowie van den Bogaert
|
0-0: Ball 1-0: Called Strike 1-1: Ground out 5-3 (Groundball, 56S)
|
Batting: RHB José Fernández
|
0-0: Foul Ball, location: 2F 0-1: Ball 1-1: Ball 2-1: Ball 3-1: Called Strike 3-2: Fly out, F5 (Line Drive, 56)
|
Bottom of the 7th over - 0 run(s), 0 hit(s), 0 error(s), 0 left on base; Havana 3 - Tuscaloosa 5 |
TOP OF THE 8TH |
Havana Rollers batting - Pitching for Tuscaloosa Trout Slayers : RHP Jesús Ramos
|
Batting: LHB Enrique Cortéz
|
0-0: Foul Ball, location: 2F 0-1: Ball 1-1: Ground out 4-3 (Groundball, 4)
|
Batting: RHB Yaichiro Sugahara
|
0-0: Ball 1-0: Swinging Strike 1-1: Called Strike 1-2: Foul Ball, location: 2F 1-2: Ball 2-2: Ball 3-2: Strikes out swinging
|
Batting: RHB Soshu Nakamura
|
0-0: Ball 1-0: SINGLE (Groundball, 4M) (infield hit)
|
Batting: RHB Francisco Rincón
|
0-0: Ball 1-0: SINGLE (Groundball, 56D) Soshu Nakamura to second
|
Pitching: LHP Mike Scott
|
|
Pinch Hitting: RHB Paul Bailey
|
0-0: Ball 1-0: Called Strike 1-1: Ball 2-1: Ball 3-1: Fielders Choice at 2nd, 6-4 (Groundball, 6)
|
Top of the 8th over - 0 run(s), 2 hit(s), 0 error(s), 1 left on base; Havana 3 - Tuscaloosa 5 |
BOTTOM OF THE 8TH |
Tuscaloosa Trout Slayers batting - Pitching for Havana Rollers : RHP Alejandro Pérez
|
Now at SS: Chad Case
|
|
Batting: LHB Pat Zimmerman
|
0-0: Foul Ball, location: 2F 0-1: SOLO HOME RUN (Flyball, 9D), Distance : 394 ft
|
Batting: LHB Marcos Villarreal
|
0-0: Called Strike 0-1: Called Strike 0-2: Ball 1-2: Strikes out swinging
|
Batting: LHB Ed Hart
|
0-0: Ball 1-0: Ball 2-0: Called Strike 2-1: SINGLE (Groundball, 56D)
|
Batting: RHB Jason Saunders
|
0-0: Ball 1-0: Ball 2-0: Called Strike 2-1: Swinging Strike 2-2: Foul Ball, location: 2F 2-2: Strikes out swinging
|
Batting: SHB Tucker Thomas
|
0-0: Called Strike 0-1: Called Strike 0-2: Foul Ball, location: 2F 0-2: Foul Ball, location: 2F 0-2: Fly out, F5 (Line Drive, 5S)
|
Bottom of the 8th over - 1 run(s), 2 hit(s), 0 error(s), 1 left on base; Havana 3 - Tuscaloosa 6 |
TOP OF THE 9TH |
Havana Rollers batting - Pitching for Tuscaloosa Trout Slayers : LHP Mike Scott
|
Pitching: RHP John Charles
|
|
Batting: LHB Rafael Delgado
|
0-0: Foul Ball, location: 2F 0-1: Called Strike 0-2: Ball 1-2: Ball 2-2: Foul Ball, location: 2F 2-2: Strikes out swinging
|
Batting: RHB Jack Bailey
|
0-0: Called Strike 0-1: Foul Ball, location: 2F 0-2: DOUBLE (Line Drive, 78D)
|
Batting: SHB Chris Bennis
|
0-0: Called Strike 0-1: Ball 1-1: Called Strike 1-2: Strikes out looking
|
Batting: LHB Phil Smith
|
0-0: Ball 1-0: Ball 2-0: Swinging Strike 2-1: Foul Ball, location: 2F 2-2: Fly out, F9 (Flyball, 9S)
|
Top of the 9th over - 0 run(s), 1 hit(s), 0 error(s), 1 left on base; Havana 3 - Tuscaloosa 6 |
|